 Dungeon Crawl Stone Soup version 0.19-a0 (webtiles) character file.

22 Ratboiler the Magician (level 2, 17/17 HPs)
             Began as an Octopode Wanderer on Apr 17, 2016.
             Quit the game on level 1 of the Dungeon on Apr 27, 2016.
             The game lasted 00:05:18 (1223 turns).

Ratboiler the Magician (Octopode Wanderer)          Turns: 1223, Time: 00:05:19

Health: 17/17      AC:  1    Str: 10    XL:     2   Next: 91%
Magic:  7/7        EV: 11    Int: 17    God:
Gold:   109        SH:  0    Dex:  9    Spells: 3 memorised, 4 levels left

rFire  . . .     SeeInvis .     d - +0 club
rCold  . . .     Gourm    .     (no shield)
rNeg   . . .     Faith    .     (helmet restricted)
rPois  .         Spirit   .     (no amulet)
rElec  .         Dismiss  .     (no ring)
rCorr  .         Reflect  .     (no ring)
SustAt .         Harm     .     (no ring)
MR     .....                    (no ring)
Stlth  +++.......               (no ring)
                                (no ring)
                                (no ring)
                                (no ring)

@: repel missiles, not resistant to hostile enchantments, fairly stealthy
A: almost no armour, amphibious, 8 rings, constrict 8, camouflage 1, gelatinous
body 1
a: no special abilities


You were on level 1 of the Dungeon.
You were not hungry.

You visited 1 branch of the dungeon, and saw 1 of its levels.

You collected 109 gold pieces.

Inventory:

Hand Weapons
 d - a +0 club (weapon)
Scrolls
 i - 4 scrolls of remove curse
 j - a scroll of fear {unknown}
 m - a scroll of magic mapping {unknown}
 n - a scroll of blinking {unknown}
Potions
 b - a potion of curing
 c - a potion of lignification
 e - 2 potions of cancellation {unknown}
 g - a potion of flight {unknown}
 h - a potion of cure mutation {unknown}
 k - a potion of degeneration {unknown}
 l - a potion of resistance {unknown}
Books
 a - a book of Minor Magic

   Spells                             Type                      Level
   a - Magic Dart                     Conjuration                  1
   b - Blink                          Translocation                2
   c - Call Imp                       Summoning                    2
   d - Repel Missiles                 Charms/Air                   2
   e - Slow                           Hexes                        2
   f - Conjure Flame                  Conjuration/Fire             3
   g - Mephitic Cloud                 Conjuration/Poison/Air       3
Comestibles
 f - a bread ration
 o - a chunk of flesh


   Skills:
 - Level 1.3 Stealth
 - Level 4.0 Spellcasting
 * Level 2.4 Conjurations
   Level 1.0 Transmutations
   Level 2.0 Fire Magic
   Level 1.2 Poison Magic
   Level 1.1 Evocations


You had 4 spell levels left.
You knew the following spells:

 Your Spells              Type           Power        Failure   Level  Hunger
a - Magic Dart            Conj           ##..         10%         1    None
b - Call Imp              Summ           #.......     24%         2    ##.....
c - Repel Missiles        Chrm/Air       #.....       24%         2    ##.....


Dungeon Overview and Level Annotations

Branches:
Dungeon (1/15)

Altars:


Innate Abilities, Weirdness & Mutations

You cannot wear most types of armour.
You are amphibious.
You can wear up to eight rings at the same time.
You can use your tentacles to constrict eight enemies at once.
Your skin changes colour to match your surroundings (Stealth).
Your rubbery body absorbs attacks (AC +1).


Message History

Casting: Magic Dart
Confirm with . or Enter, or press ? or * to list all spells.
Aiming: Magic Dart
Press: ? - help, Shift-Dir - straight line, f - kobold
Aim: a kobold (resting)
The magic dart hits the kobold.
You kill the kobold!
You see here a giant newt corpse.
You butcher the giant newt corpse.
o - a chunk of flesh You now have 94 gold pieces (gained 15).
You see here a kobold corpse.
You now have 109 gold pieces (gained 15).
Done exploring.
You see here a club.
There is a stone staircase leading down here.
Saving game... please wait.
Welcome back, Ratboiler the Octopode Wanderer.
Press ? for a list of commands and other information.
Are you sure you want to abandon this character and quit the game? (Confirm with "yes".)

#.#...(...........#
#.#...............##
####.#................#
#....#................###
##.#####.................
#.#####(######.###.#.###
#.##...........# #.#.#
#.##.##.##########.#.###
#.##...@......).........
#.################.#.#.#
#.####........## #.#.#.#
#..............# #.#.#.#
######.........# #.#.#.#
#.........# #.#.#.#
#.........# #.#.#.#
#.........# #.#.#.#
#.........# #.#.#.#


There were no monsters in sight!

Vanquished Creatures
  2 giant cockroaches (D:1)
  2 goblins (D:1)
  8 hobgoblins (D:1)
  A giant newt (D:1)
  5 kobolds (D:1)
  2 rats (D:1)
20 creatures vanquished.

Notes
Turn   | Place    | Note
--------------------------------------------------------------
     0 | D:1      | Ratboiler the Octopode Wanderer began the quest for the Orb.
     0 | D:1      | Ratboiler set off with: a book of Minor Magic, a potion of curing, a potion of lignification, a +0 club, a bread ration
     0 | D:1      | Reached XP level 1. HP: 11/11 MP: 5/5
     2 | D:1      | Learned a level 1 spell: Magic Dart
   256 | D:1      | Reached skill level 1 in Conjurations
   443 | D:1      | Reached XP level 2. HP: 17/17 MP: 4/7
   453 | D:1      | Learned a level 2 spell: Call Imp
   456 | D:1      | Learned a level 2 spell: Repel Missiles
  1223 | D:1      | Upgraded the game from 0.18-a0-1782-gb76a692 to 0.19-a0
  1223 | D:1      | Quit the game

Vault maps used:
D:1:      moated_graveyard_arrival, hex_intersection

Skill      XL: |  1  2 |
---------------+-------+-----
Conjurations   | 1 2 |  2.4
Stealth        | |  1.3
Spellcasting   | |  4.0
Transmutations | |  1.0
Fire Magic     | |  2.0
Poison Magic   | |  1.2
Evocations     | |  1.1

Action                   || total
-------------------------++-------
Melee: Club              ||     8
       Constrict         ||     2
       Tentacles         ||     1
 Cast: Magic Dart        ||    50
       Repel Missiles    ||     2
  Use: Scroll            ||     1
  Eat: Chunk             ||     1
Dodge: Dodged            ||     3
       Deflected         ||     1
